 Dungeon Crawl Stone Soup version 0.27.1-33-g824d729ab1 (webtiles) character file.

Game seed: 5504517877109318060

66 pkoi the Ruffian (level 3, -5/29 HPs)
             Began as a Draconian Gladiator on Dec 15, 2021.
             Slain by a phantom (6 damage)
             ... on level 2 of the Dungeon.
             The game lasted 00:03:22 (1583 turns).

pkoi the Ruffian (Draconian Gladiator)              Turns: 1583, Time: 00:03:22

Health: -5/29      AC:  5    Str: 16    XL:     3   Next: 96%
Magic:  12/12      EV: 12    Int:  9    God:
Gold:   51         SH:  0    Dex: 12    Spells: 2/2 levels left

rFire    . . .     SeeInvis .     - Unarmed
rCold    . . .     Faith    .   (no shield)
rNeg     . . .     Spirit   .   (armour unavailable)
rPois    .         Reflect  .   a - +0 hat
rElec    .         Harm     .   (no cloak)
rCorr    .         Rampage  .   (no gloves)
Will     .....                  (no boots)
Stlth    +.........             (no amulet)
HPRegen  0.09/turn              i - ring of magical power
MPRegen  0.13/turn              (no ring)

@: no status effects
A: AC +5, unfitting armour, cold-blooded
a: no special abilities


You were on level 2 of the Dungeon.
You visited 1 branch of the dungeon, and saw 2 of its levels.

You collected 51 gold pieces.

Inventory:

Missiles
 b - 3 throwing nets (quivered)
Armour
 a - a +0 hat (worn)
Jewellery
 i - a ring of magical power (left hand)
Scrolls
 c - a scroll of magic mapping {unknown}
 d - 2 scrolls of teleportation {unknown}
 e - a scroll of identify {unknown}
 f - a scroll of noise
 g - a scroll of enchant armour {unknown}
 h - a scroll of enchant weapon {unknown}


   Skills:
 - Level 2.1 Fighting
 - Level 1.7 Throwing
 - Level 2.6 Dodging
 + Level 4.9 Unarmed Combat


You had 2 spell levels left.
You didn't know any spells.
Your spell library contained the following spells:

 Spells                   Type           Power      Damage    Failure   Level
 Corona                   Hex            0%         N/A       38%         1
 Ensorcelled Hibernation  Hex/Ice        0%         N/A       52%         2
 Tukima's Dance           Hex            0%         N/A       77%         3


Dungeon Overview and Level Annotations

Branches:
Dungeon (2/15)

Altars:

Shops:
D:1 :

Annotations:
D:2 Robin, Terence


Innate Abilities, Weirdness & Mutations

Your plain brown scales are hard. (AC +5)
You cannot fit into any form of body armour.
You are cold-blooded and may be slowed by cold attacks.


Message History

You are too injured to fight recklessly!
Unknown command.
The goblin hits you with a +0 club. The goblin closely misses you.
The goblin no longer looks unusually strong.
You are too injured to fight recklessly!
You barely miss the goblin. The goblin hits you but does no damage.
You hit the goblin.
The goblin is severely wounded.
The goblin hits you with a +0 dagger.
You closely miss the goblin.
The goblin is severely wounded.
The goblin hits you with a +0 dagger.
* * * LOW HITPOINT WARNING * * *
The goblin no longer looks unusually strong.
A phantom comes into view.
The goblin no longer looks unusually strong.
The phantom hits you!
* * * LOW HITPOINT WARNING * * *
You miss the phantom. The goblin hits you but does no damage.
The phantom completely misses you.
You hit the phantom.
The phantom is lightly damaged.
The goblin barely misses you. The phantom barely misses you.
You barely miss the phantom.
The phantom is lightly damaged.
The goblin closely misses you. The phantom hits you.
* * * LOW HITPOINT WARNING * * *
You hit the phantom but do no damage.
The phantom is lightly damaged.
The goblin hits you with a +0 dagger.
* * * LOW HITPOINT WARNING * * *
The phantom hits you but does no damage.
You aren't carrying any potions.
As you read the scroll labelled LIXU MAENUPTOYTT, it crumbles to dust.
You hear a loud clanging noise!
It was a scroll of noise.
The goblin hits you with a +0 dagger.
* * * LOW HITPOINT WARNING * * *
The phantom hits you.
You die...

.....................#
.>.........###########
...........# #
......<....#
###########.#
.###.......#
#ggg.g..).†g. .#
#.......#
#gg...g.g#... .#
####.#.##
#.######.#g## .#
#.#.###########g#
#.#.# .
.#......W@ggggg# #.#.#
.#############.# #.#S#
.# ###.# #.#.# .#
#...# #.#.# .. #.###
#.# .# #.# .#
######.## .#
######.......# .#
#..)†........#


You could see a phantom, a hobgoblin and 5 goblins.

Vanquished Creatures
  A hound (D:2)
  An adder (D:2)
  A worm (D:2)
  5 ball pythons
  2 endoplasms (D:1)
  A giant cockroach (D:1)
  2 goblins (D:2)
  3 hobgoblins
  A quokka (D:2)
  3 bats (D:1)
  3 kobolds (D:1)
  2 rats (D:2)
25 creatures vanquished.

Notes
Turn   | Place    | Note
-------+----------+-------------------------------------------
     0 | D:1      | pkoi the Draconian Gladiator began the quest for the Orb.
     0 | D:1      | Reached XP level 1. HP: 17/17 MP: 1/1
   264 | D:1      | Found Redos's Book Boutique.
   368 | D:1      | Reached XP level 2. HP: 18/24 MP: 2/2
   990 | D:2      | Reached skill level 4 in Unarmed Combat
   990 | D:2      | Reached XP level 3. HP: 17/29 MP: 3/3
  1466 | D:2      | Noticed Terence
  1557 | D:2      | Noticed Robin
  1575 | D:2      | Noticed a phantom
  1583 | D:2      | HP: 1/29 [goblin[Robin] (1)]
  1583 | D:2      | Slain by a phantom

Illustrated notes

Levels and vault maps discovered:
D:1:      psy_arrival_whirlpool, layout_loops_cross, serial_shops, shop
D:2:      layout_loops_ring, uniq_terence, uniq_robin

Skill      XL: |  1  2 |
---------------+-------+-----
Unarmed Combat | 4 |  4.9
Fighting       | |  2.1
Throwing       | |  1.7
Dodging        | |  2.6

Action                   || total
-------------------------++-------
Melee: Unarmed           ||    98
       Tailslap          ||    15
  Use: Scroll            ||     1
 Stab: Sleeping          ||     1
Armor: Skin              ||    28
Dodge: Dodged            ||    63
